 Dungeon Crawl Stone Soup version 0.28-a0-1594-ga885d4b3d6 (webtiles) character file.

Game seed: 12978187457940131217

141 southernslant the Skirmisher (level 5, -1/41 HPs)
             Began as a Demonspawn Fighter on Jan 21, 2022.
             Killed by nerve-wracking pain
             ... invoked by an orc priest
              (12 damage)
             ... on level 3 of the Dungeon.
             The game lasted 00:09:16 (2633 turns).

southernslant the Skirmisher (Demonspawn Fighter)   Turns: 2633, Time: 00:09:16

Health: -1/41      AC:  6    Str: 18    XL:     5   Next: 3%
Magic:  5/6        EV:  9    Int:  9    God:
Gold:   79         SH:  4    Dex: 13    Spells: 5/5 levels left

rFire   . . .      SeeInvis .   a - +0 trident
rCold   . . .      Faith    .   c - +0 buckler
rNeg    . . .      Spirit   .   b - +0 scale mail
rPois   .          Reflect  .   (no helmet)
rElec   .          Harm     .   (no cloak)
rCorr   .          Rampage  .   (no gloves)
Will    .....                   (no boots)
Stlth   ..........              (no amulet)
HPRegen 0.13/turn               (no ring)
MPRegen 0.10/turn               (no ring)

@: no status effects
A: demonic magic 1, demonic touch 2
a: no special abilities


You were on level 3 of the Dungeon.
You visited 1 branch of the dungeon, and saw 3 of its levels.

You collected 79 gold pieces.

Inventory:

Hand Weapons
 a - a +0 trident (weapon)
Missiles
 h - 2 poisoned darts
 i - 47 stones (quivered)
Armour
 b - a +0 scale mail (worn)
 c - a +0 buckler (worn)
Jewellery
 m - a ring of wizardry
Scrolls
 e - 2 scrolls of identify {unknown}
 g - a scroll of amnesia {unknown}
 j - a scroll of blinking {unknown}
 k - a scroll of teleportation {unknown}
Potions
 d - 2 potions of might
 f - a potion of resistance {unknown}
 l - a potion of berserk rage {unknown}


   Skills:
 + Level 3.3 Fighting
 * Level 2.6 Polearms
 + Level 1.2 Throwing
 + Level 3.0 Armour
 * Level 1.7 Dodging
 + Level 3.0 Shields
 * Level 0.7 Spellcasting
 * Level 1.0 Conjurations


You had 5 spell levels left.
You didn't know any spells.
Your spell library contained the following spells:

 Spells                   Type           Power      Damage    Failure   Level
 Magic Dart               Conj           8%         1d3       71%         1
 Sandblast                Erth           0%         2d4       83%         1
 Searing Ray              Conj           4%         2d4       83%         2
 Passwall                 Tmut/Erth      0%         N/A       93%         2
 Dazzling Flash           Conj/Hex       2%         N/A       98%         3
 Stone Arrow              Conj/Erth      2%         3d7       98%         3
 Fulminant Prism          Conj/Hex       0%         3d6       100%        4
 Iskenderun's Mystic Bla  Conj/Tloc      1%         2d3       100%        4
 Iskenderun's Battlesphe  Conj           2%         2d6       100%        5
 Iron Shot                Conj/Erth      0%         9d1       100%        6
 Starburst                Conj/Fire      0%         6d3       100%        6
 Spellforged Servitor     Conj/Summ      0%         N/A       100%        7


Dungeon Overview and Level Annotations

Branches:
Dungeon (3/15)

Altars:


Innate Abilities, Weirdness & Mutations

Spells you cast may paralyse adjacent enemies.
Your touch may inflict irresistible damage on your foes.


Message History

The orc is moderately wounded.
You puncture the orc!
You kill the orc!
You puncture something! Something hits you.
The orc priest calls down the wrath of Beogh upon you.
Something writhes in agony.
You hit something.
Reactivating autopickup.
You feel a bit more experienced.
Your Conjurations skill increases to level 1!
You have reached level 5!
Your demonic ancestry asserts itself...
Your hands glow brighter with unholy energy.
You hit the orc.
The orc is almost dead.
The orc hits you with a +0 short sword.
You hit the orc.
You kill the orc!
You barely miss the orc priest.
The orc priest looks satisfied for a moment.
The orc priest invokes the aid of Beogh against you.
Beogh smites you!
You barely miss the orc priest. You block the orc priest's attack.
You barely miss the orc priest.
The orc priest miscasts a cantrip.
You closely miss the orc priest.
The orc priest calls down the wrath of Beogh upon you.
Pain shoots through your body!
You hit the orc priest.
The orc priest is lightly wounded.
The orc priest barely misses you.
You hit the orc priest.
The orc priest is heavily wounded.
The orc priest hits you with a +0 flail.
* * * LOW HITPOINT WARNING * * *
You hit the orc priest.
The orc priest is heavily wounded.
The orc priest mumbles some strange prayers to Beogh against you.
Pain shoots through your body!
You die...

.............#
#########..###
#..#######
#........#.#
#.######.#.#
#......#.#$#
#....#.#.#.#
####.#.#.#.#.#
#........#@#o#
#.##.#.###o#)######
#....<.............
#####..#.#.#.####.#
.....#.#.#...
###.###.#.##### ...
..#.# #.#. ###.#
#.#. #.#


You could see an orc priest.

Vanquished Creatures
  An orc wizard (D:3)
  5 adders
  2 worms (D:2)
  4 dart slugs
  3 orcs (D:3)
  8 ball pythons
  2 endoplasms (D:1)
  A giant cockroach (D:1)
  5 goblins
  4 hobgoblins
  6 jackals
  3 kobolds
  3 quokkas
  5 bats (D:1)
  2 frilled lizards
  8 rats
62 creatures vanquished.

Notes
Turn   | Place    | Note
-------+----------+-------------------------------------------
     0 | D:1      | southernslant the Demonspawn Fighter began the quest for
                  | the Orb.
     0 | D:1      | Reached XP level 1. HP: 18/18 MP: 1/1
   493 | D:1      | Gained mutation: Your touch may inflict minor irresistible
                  | damage on your foes. [demonic ancestry]
   493 | D:1      | Reached XP level 2. HP: 22/24 MP: 2/2
   653 | D:1      | Found a faded altar of an unknown god.
   746 | D:1      | Reached skill level 1 in Dodging
   977 | D:1      | Reached XP level 3. HP: 27/29 MP: 3/3
  1880 | D:2      | Reached skill level 1 in Throwing
  2006 | D:2      | Gained mutation: Spells you cast may paralyse adjacent
                  | enemies. [demonic ancestry]
  2006 | D:2      | Reached XP level 4. HP: 35/35 MP: 4/4
  2625 | D:3      | Reached skill level 1 in Conjurations
  2625 | D:3      | Gained mutation: Your touch may inflict irresistible damage
                  | on your foes. [demonic ancestry]
  2625 | D:3      | Reached XP level 5. HP: 31/41 MP: 4/6
  2633 | D:3      | Killed from afar by an orc priest

Illustrated notes

Levels and vault maps discovered:
D:1:      wheals_arrival_shading, layout_basic, basic_ecumenical_altar,
          minivault_27
D:2:      minmay_spotlight, layout_rooms, minmay_misc_feat_tiny
D:3:      layout_basic

Skill      XL: |  1  2  3  4 |
---------------+-------------+-----
Polearms       | 2 |  2.6
Dodging        | 1 |  1.7
Throwing       | 1 |  1.2
Shields        | 3 |  3.0
Armour         | 3 |  3.0
Conjurations   | 1 |  1.0
Fighting       | |  3.3
Spellcasting   | |  0.7

Action                   |  1- 3 |  4- 6 || total
-------------------------+-------+-------++-------
Melee: Trident           |   163 |    63 ||   226
Throw: Stone             |     3 |     2 ||     5
       Dart              |     2 |       ||     2
Armor: Leather armour    |     5 |       ||     5
       Scale mail        |    63 |    12 ||    75
Dodge: Dodged            |    65 |    15 ||    80
Block: Buckler           |    37 |     8 ||    45

Table legend: (Time is in decaauts)
 A = Elapsed time spent in this place.
 B = Non-inter-level travel time spent in this place.
 C = Inter-level travel time spent in this place.
 D = Time resting spent in this place.
 E = Time spent auto-exploring this place.
 F = Levels seen in this place.
 G = Mean time per level.
                   A        B        C        D        E       F      G
               +--------+--------+--------+--------+--------+-----+--------+
         Total |   2684 |   2672 |     12 |      0 |   2157 |   3 |  894.7 |
       Dungeon |   2684 |   2672 |     12 |      0 |   2157 |   3 |  894.7 |
               +--------+--------+--------+--------+--------+-----+--------+

Top non-repeatable levels by time:
     D:1: 1364 daAuts
     D:2: 1101 daAuts
     D:3: 218 daAuts
